Map: Abyssal Reef LE

Players

Yata

  • Race: Terran Terran
  • League: Platinum
  • Spawn Location: 5:00

Kronos - Winner!

  • Race: Protoss Protoss
  • Spawn Location: 11:00

VOD

Have the link to the VOD?

Description

Time

  • Played on: Nov. 7, 2017, 3:31 p.m.
  • Length: 6:58
Show
View Real Time Build Order
Export as new Build Order

Yata Terran 

Build Orders:  

Get SALT Encoding   

  12  0:00  SCV  
  13  0:13  SCV  
  14  0:25  Supply Depot, SCV  
  15  0:41  Supply Depot  
  15  0:46  SCV  
  16  0:51  Barracks  
  16  0:59  SCV  
  17  1:08  Refinery  
  17  1:14  SCV  
  18  1:27  SCV  
  19  1:44  SCV  
  20  1:48  Marine  
  21  2:01  Ghost Academy  
  21  2:04  SCV  
  22  2:10  Barracks Tech Lab  
  22  2:11  Command Center  
  22  2:19  SCV  
  24  2:31  SCV  
  24  2:34  Refinery  
  24  2:45  Ghost  
  26  3:02  SCV  
  27  3:18  Orbital Command  
  27  3:28  Ghost  
  29  3:34  Factory  
  29  4:01  SCV  
  29  4:02  Barracks  
  28  4:26  Orbital Command  
  28  4:27  SCV  
  28  4:30  Factory Reactor  
  29  4:41  Factory Reactor  
  29  4:45  Armory  
  29  4:53  Marine  
  29  4:58  Barracks  
  30  5:01  Barracks Reactor  
  30  5:26  Marine  
  31  5:31  Hellion  
  31  5:32  Hellion  
  35  5:36  SCV  
  35  5:37  SCV  
  37  5:44  Marine  
  38  6:00  Hellion x2  
  42  6:20  Factory  
  42  6:25  Factory, Hellion x2  
  46  6:46  Supply Depot  
Show
View Real Time Build Order
Export as new Build Order

Kronos Protoss - Winner!

Build Orders: 1 Gate Expand 

Get SALT Encoding   

  12  0:02  Probe (Chrono Boost)  
  13  0:13  Probe (Chrono Boost)  
  14  0:19  Pylon  
  14  0:24  Probe (Chrono Boost)  
  15  0:38  Probe (Chrono Boost)  
  15  0:41  Gateway  
  16  0:48  Probe (Chrono Boost)  
  17  0:50  Assimilator  
  17  1:00  Probe (Chrono Boost)  
  18  1:12  Probe (Chrono Boost)  
  19  1:22  Probe (Chrono Boost)  
  20  1:29  Nexus  
  20  1:33  Probe (Chrono Boost)  
  21  1:41  Cybernetics Core  
  21  1:50  Pylon, Probe (Chrono Boost)  
  22  1:57  Assimilator  
  22  2:11  Probe (Chrono Boost)  
  23  2:26  Twilight Council, Probe (Chrono Boost)  
  24  2:35  Warp Gate  
  24  2:36  Probe (Chrono Boost)  
  25  2:43  Mothership Core (Chrono Boost)  
  27  2:51  Probe (Chrono Boost)  
  28  3:01  Probe (Chrono Boost)  
  29  3:19  Templar Archives  
  29  3:31  Probe (Chrono Boost)  
  29  3:32  Probe (Chrono Boost)  
  31  3:38  Zealot  
  33  3:56  Psionic Storm  
  33  4:02  Probe x2 (Chrono Boost)  
  35  4:10  Pylon, Gateway  
  35  4:13  Gateway  
  35  4:28  Probe (Chrono Boost)  
  36  4:35  Probe (Chrono Boost)  
  37  4:39  Probe (Chrono Boost)  
  38  4:50  Gateway  
  38  4:52  Gateway  
  38  4:53  Gateway  
  38  4:58  Gateway  
  38  4:59  Gateway  
  38  5:04  Gateway, Charge  
  38  5:06  Gateway  
  38  5:31  Pylon  
  38  5:41  Probe x2 (Chrono Boost)  
  40  5:43  Pylon  
  40  5:49  Forge  
  40  6:02  Gateway  
  40  6:03  Gateway  
  40  6:04  Gateway  
  40  6:06  Gateway  
  40  6:07  Gateway  
  40  6:33  Zealot x4  
  40  6:34  Zealot x4  
  40  6:35  Zealot  
  40  6:36  Zealot  
  62  6:40  Probe x2 (Chrono Boost)  
Tags
 
League
Platinum
Matchup
PvT
Replay Pack
Pack 1
Spawn Locations
Cross Positions
Add a new tag
Caveats
  • Supply blocks, unpowered buildings, or Contaminate may cause inaccurate times.
  • Supply counts are checked every 10 seconds.